 Dungeon Crawl Stone Soup version 0.30-a0-305-g026cb31310 (webtiles) character file.

Game seed: 1257330775832717932

41 sleeves the Poker (level 3, -1/27 HPs)
             Began as a Merfolk Reaver on Oct 21, 2022.
             Slain by a kobold
             ... wielding a +0 whip
              (3 damage)
             ... on level 2 of the Dungeon.
             The game lasted 00:01:34 (1097 turns).

sleeves the Poker (Merfolk Reaver)                  Turns: 1097, Time: 00:01:35

Health: -1/27      AC:  3    Str: 14    XL:     3   Next: 52%
Magic:  6/6        EV: 12    Int: 12    God:
Gold:   34         SH:  0    Dex: 12    Spells: 5/6 levels left

rFire   . . .      SeeInvis .    a - +0 spear
rCold   . . .      Faith    .    (no shield)
rNeg    . . .      Spirit   .    b - +0 leather armour
rPois   .          Reflect  .    (no helmet)
rElec   .          Harm     .    (no cloak)
rCorr   .          Rampage  .    (no gloves)
Will    .....                    (no boots)
Stlth   +.........               (no amulet)
HPRegen 0.24/turn                (no ring)
MPRegen 0.10/turn                (no ring)

@: no status effects
A: (nimble swimmer 2), mertail
a: no special abilities


You were on level 2 of the Dungeon.
You visited 1 branch of the dungeon, and saw 2 of its levels.

You collected 34 gold pieces.

Inventory:

Hand Weapons
 a - a +0 spear (weapon)
Armour
 b - a +0 leather armour (worn)
Scrolls
 c - a scroll of torment {unknown}
 d - a scroll of identify {unknown}
 g - a scroll of immolation {unknown}
 h - a scroll of noise {unknown}
 i - a scroll of amnesia {unknown}
Potions
 e - 2 potions of might {unknown}
 f - 2 potions of degeneration {unknown}


   Skills:
 - Level 2.1 Fighting
 + Level 5.1 Polearms
 - Level 4.0 Dodging
 - Level 2.0 Spellcasting
 - Level 2.4 Conjurations


You had 5 spell levels left.
You knew the following spells:

 Your Spells              Type           Power      Damage    Failure   Level
a - Kiss of Death         Conj/Necr      16%        2d6       22%         1

Your spell library contained the following spells:

 Spells                   Type           Power      Damage    Failure   Level
 Momentum Strike          Conj/Tloc      8%         3d8       32%         2
 Hailstorm                Conj/Ice       4%         3d4       54%         3
 Summon Ice Beast         Ice/Summ       1%         N/A       98%         4
 Summon Mana Viper        Hex/Summ       1%         N/A       100%        5
 Monstrous Menagerie      Summ           0%         N/A       100%        7


Dungeon Overview and Level Annotations

Branches:
Dungeon (2/15)

Altars:

Shops:
D:1 (


Innate Abilities, Weirdness & Mutations

((You are very nimble when in or above water. (Stealth+, EV+, Speed+++)))
Your lower body shifts to a powerful aquatic tail in water.


Message History

Welcome, sleeves the Merfolk Reaver.
Everyone else who sought the Orb of Zot has failed.
Will you be different?
Press ? for a list of commands and other information.
Found a staircase leading out of the dungeon.
Found an escape hatch in the floor.
You open the door.
A frilled lizard comes into view.
The frilled lizard hisses angrily.
A frilled lizard is nearby!
You hit the frilled lizard.
You kill the frilled lizard!
No target in view!
No target in view!
Unknown command.
Unknown command.
Unknown command.
There is an open door here.
You see here a frilled lizard corpse.
You open the door.
There is an open door here.
A hobgoblin comes into view.
The hobgoblin shouts!
A hobgoblin is nearby!
A hobgoblin is nearby!
You reach to attack!
You hit the hobgoblin.
The hobgoblin is lightly wounded.
You barely miss the hobgoblin.
The hobgoblin is lightly wounded.
The hobgoblin hits you but does no damage.
You closely miss the hobgoblin.
The hobgoblin is lightly wounded.
The hobgoblin barely misses you.
You closely miss the hobgoblin.
The hobgoblin is lightly wounded.
The hobgoblin barely misses you.
You closely miss the hobgoblin.
The hobgoblin is lightly wounded.
The hobgoblin hits you.
You barely miss the hobgoblin.
The hobgoblin is lightly wounded.
The hobgoblin hits you.
You are too injured to fight recklessly!
You are too injured to fight recklessly!
You are too injured to fight recklessly!
You are too injured to fight recklessly!
You are too injured to fight recklessly!
You are too injured to fight recklessly!
You are too injured to fight recklessly!
You are too injured to fight recklessly!
A hobgoblin is nearby!
A hobgoblin is nearby!
You are too injured to fight recklessly!
Reach: a) +0 spear
Press: ? - help, Dir - move target, f/p - hobgoblin
Aim: a hobgoblin (lightly wounded, about 37% to evade your +0 spear)
You hit the hobgoblin.
The hobgoblin is heavily wounded.
The hobgoblin closely misses you.
Reach: a) +0 spear
Press: ? - help, Dir - move target, f/p - hobgoblin
Aim: a hobgoblin (heavily wounded, about 37% to evade your +0 spear)
You hit the hobgoblin.
The hobgoblin is almost dead.
The hobgoblin hits you.
* * * LOW HITPOINT WARNING * * *
Reach: a) +0 spear
Press: ? - help, Dir - move target, f/p - hobgoblin
Aim: a hobgoblin (almost dead, about 37% to evade your +0 spear)
You closely miss the hobgoblin.
The hobgoblin is almost dead.
The hobgoblin misses you.
Reach: a) +0 spear
Press: ? - help, Dir - move target, f/p - hobgoblin
Aim: a hobgoblin (severely wounded, about 37% to evade your +0 spear)
You hit the hobgoblin.
The hobgoblin is almost dead.
Reach: a) +0 spear
Press: ? - help, Dir - move target, f/p - hobgoblin
Aim: a hobgoblin (almost dead, about 37% to evade your +0 spear)
You hit the hobgoblin.
You kill the hobgoblin!
HP restored.
You see here a hobgoblin corpse.
A dart slug comes into view.
A dart slug is nearby!
A dart slug is nearby!
The dart slug launches a dart at you. The slug dart hits you.
Found 4 gold pieces.
You reach to attack!
You hit the dart slug.
The dart slug is moderately wounded.
The dart slug launches a dart at you. The slug dart hits you.
You reach to attack!
You hit the dart slug.
The dart slug is severely wounded.
You reach to attack!
You hit the dart slug.
The dart slug is almost dead.
You hit the dart slug.
The dart slug is almost dead.
The dart slug launches a dart at you. The slug dart misses you.
You hit the dart slug.
You kill the dart slug!
Your Dodging skill increases to level 3!
No target in view!
No target in view!
No target in view!
No target in view!
No target in view!
You see here a dart slug corpse.
You now have 4 gold pieces.
Found a club.
A hobgoblin comes into view.
The hobgoblin shouts!
The hobgoblin moves out of view.
You see here a +0 club.
You reach to attack!
You completely miss the hobgoblin. You closely miss the hobgoblin.
The hobgoblin misses you.
You hit the hobgoblin but do no damage. The hobgoblin closely misses you.
You hit the hobgoblin but do no damage. You hit the hobgoblin.
The hobgoblin is heavily wounded.
The hobgoblin misses you.
You hit the hobgoblin but do no damage.
The hobgoblin is heavily wounded.
The hobgoblin hits you but does no damage.
You hit the hobgoblin.
You kill the hobgoblin!
No target in view!
Found a stone staircase leading down.
You see here a hobgoblin corpse.
Found Hikadee Vawa's Weapon Emporium.
There is a stone staircase leading down here.
A bat comes into view.
You reach to attack!
You barely miss the bat. The bat misses you.
You reach to attack!
You closely miss the bat. The bat hits you.
You hit the bat.
You kill the bat!
You have reached level 2!
You see here a bat corpse.
There is an entrance to Hikadee Vawa's Weapon Emporium here.
You now have 14 gold pieces (gained 10).
A bat comes into view.
A bat is nearby!
A bat is nearby!
A rat comes into view.
Found a scroll labelled SYSHOI FEINING.
The bat misses you.
You barely miss the bat. The bat hits you but does no damage. x2
You barely miss the bat. The bat barely misses you. The bat closely misses you.
You completely miss the bat. The bat hits you but does no damage.
You reach to attack!
You hit the bat.
You kill the bat!
You hit the rat.
You kill the rat!
No target in view!
No target in view!
No target in view!
No target in view!
No target in view!
No target in view!
No target in view!
No target in view!
No target in view!
No target in view!
No target in view!
c - a scroll labelled SYSHOI FEINING You open the door.
There is an open door here.
There is an open door here.
A rat comes into view.
A rat is nearby!
A rat is nearby!
You hit the rat.
You kill the rat!
No target in view!
No target in view!
No target in view!
No target in view!
No target in view!
No target in view!
No target in view!
A bat comes into view.
A bat is nearby!
A bat is nearby!
The bat completely misses you.
You hit the bat.
You kill the bat!
No target in view!
No target in view!
No target in view!
No target in view!
No target in view!
No target in view!
No target in view!
No target in view!
You see here a bat corpse.
You open the door.
An endoplasm comes into view.
An endoplasm is nearby!
An endoplasm is nearby!
You reach to attack!
You hit the endoplasm.
The endoplasm is moderately wounded.
You hit the endoplasm.
You kill the endoplasm!
No target in view!
No target in view!
No target in view!
No target in view!
No target in view!
No target in view!
No target in view!
A bat comes into view.
There is an open door here.
A bat is nearby!
A bat is nearby!
The bat misses you.
You miss the bat. The bat closely misses you.
You hit the bat.
The bat is moderately wounded.
The bat hits you but does no damage.
You reach to attack!
You hit the bat.
You kill the bat!
No target in view!
No target in view!
No target in view!
No target in view!
No target in view!
You see here a bat corpse.
You open the door.
There is an open door here.
An endoplasm comes into view.
An endoplasm is nearby!
An endoplasm is nearby!
Found a scroll labelled ETAKYFFUEH.
A rat comes into view.
The endoplasm quivers.
You hit the endoplasm.
The endoplasm is moderately wounded.
The endoplasm closely misses you.
You hit the endoplasm.
The endoplasm is heavily wounded.
The endoplasm freezes you.
You are frozen.
You hit the endoplasm.
The endoplasm is severely wounded.
The endoplasm freezes you.
You are frozen.
You hit the endoplasm.
You kill the endoplasm!
The rat closely misses you.
You hit the rat but do no damage. The rat bites you but does no damage.
You completely miss the rat. The rat barely misses you.
You closely miss the rat. The rat barely misses you.
A rat is nearby!
A rat is nearby!
A rat is nearby!
You hit the rat but do no damage. The rat misses you.
You hit the rat.
You kill the rat!
No target in view!
No target in view!
No target in view!
No target in view!
No target in view!
No target in view!
No target in view!
No target in view!
No target in view!
No target in view!
d - a scroll labelled ETAKYFFUEH You open the door.
There is an open door here.
There is an open door here.
A rat comes into view.
A rat is nearby!
You reach to attack!
You hit the rat but do no damage. You hit the rat.
The rat is heavily wounded.
The rat bites you.
You barely miss the rat.
The rat is heavily wounded.
The rat bites you but does no damage.
You closely miss the rat.
The rat is heavily wounded.
The rat barely misses you.
You hit the rat.
You kill the rat!
No target in view!
You see here a rat corpse.
A quokka comes into view.
A quokka is nearby!
A quokka is nearby!
You reach to attack!
The helpless quokka fails to defend itself.
You hit the quokka.
The quokka is moderately wounded.
You hit the quokka.
The quokka is heavily wounded.
The quokka closely misses you.
You hit the quokka.
You kill the quokka!
No target in view!
No target in view!
No target in view!
No target in view!
No target in view!
You see here a quokka corpse.
You open the door.
A quokka comes into view.
There is an open door here.
A quokka is nearby!
A quokka is nearby!
You closely miss the quokka. The quokka closely misses you.
You hit the quokka.
The quokka is severely wounded.
The quokka closely misses you.
You completely miss the quokka.
The quokka is severely wounded.
The quokka bites you but does no damage.
The quokka barely misses you.
You barely miss the quokka.
The quokka is severely wounded.
The quokka bites you.
You hit the quokka.
You kill the quokka!
No target in view!
No target in view!
As you open the door, it creaks loudly!
You hear an angry hiss.
A giant cockroach comes into view.
A frilled lizard comes into view.
There are monsters nearby!
There are monsters nearby!
You closely miss the frilled lizard. Your punch misses the frilled lizard.
You hit the frilled lizard.
You kill the frilled lizard!
You hit the giant cockroach but do no damage.
The giant cockroach closely misses you.
You hit the giant cockroach but do no damage.
The giant cockroach completely misses you.
You closely miss the giant cockroach. The giant cockroach misses you.
You hit the giant cockroach.
You kill the giant cockroach!
No target in view!
No target in view!
No target in view!
No target in view!
No target in view!
No target in view!
No target in view!
No target in view!
There is an open door here.
Found a hand axe.
A rat comes into view.
The rat twitches its whiskers.
A rat is nearby!
You reach to attack!
You hit the rat.
You kill the rat!
No target in view!
No target in view!
No target in view!
No target in view!
No target in view!
No target in view!
No target in view!
No target in view!
No target in view!
A jackal comes into view.
Found a book of Beasts.
A jackal is nearby!
A jackal is nearby!
The jackal barks!
A jackal comes into view.
A jackal comes into view.
The jackal barely misses you. The jackal closely misses you.
The jackal barks!
You hear a bark!
The jackal barely misses you. The jackal closely misses you.
The jackal attacks as you move away! The jackal closely misses you.
The jackal bites you.
You see here a +0 hand axe.
The jackal bites you but does no damage.
You hit the jackal.
The jackal is moderately wounded.
The jackal barely misses you. x2
You hit the jackal.
You kill the jackal!
You have reached level 3!
Your experience leads to an increase in your attributes!
Increase (S)trength, (I)ntelligence, or (D)exterity?
You feel stronger. x2
You hit the jackal.
The jackal is severely wounded.
The jackal bites you.
You hit the jackal.
You kill the jackal!
You hit the jackal.
The jackal is moderately wounded.
The jackal misses you.
You barely miss the jackal.
The jackal is moderately wounded.
The jackal bites you.
You hit the jackal but do no damage.
The jackal is moderately wounded.
The jackal bites you but does no damage.
You barely miss the jackal.
The jackal is moderately wounded.
The jackal misses you.
The jackal bites you but does no damage.
You hit the jackal but do no damage.
The jackal is moderately wounded.
The jackal bites you but does no damage.
You hit the jackal but do no damage.
The jackal is moderately wounded.
The jackal misses you.
You barely miss the jackal.
The jackal is moderately wounded.
The jackal barely misses you.
You hit the jackal but do no damage.
The jackal is moderately wounded.
The jackal bites you.
You hit the jackal.
The jackal is heavily wounded.
The jackal bites you but does no damage.
You hit the jackal.
The jackal is severely wounded.
The jackal barely misses you.
The jackal bites you but does no damage.
You closely miss the jackal. You punch the jackal.
You kill the jackal!
No target in view!
No target in view!
Things that are here:
a jackal corpse; a jackal corpse You pick up a book of Beasts and begin reading...
You add the spells Summon Ice Beast, Summon Mana Viper and Monstrous Menagerie to your library.
Found 8 stones and a whip.
A bat and an endoplasm come into view.
Found a glowing short sword and 2 bubbling ruby potions.
There are monsters nearby!
The endoplasm quivers.
The bat misses you.
You reach to attack!
You barely miss the bat. The bat misses you.
You hit the bat.
The bat is severely wounded.
The bat closely misses you.
You miss the bat.
The bat is severely wounded.
The bat hits you but does no damage.
You reach to attack!
You hit the endoplasm.
The endoplasm is severely wounded.
You reach to attack!
You hit the endoplasm.
You kill the endoplasm!
The bat barely misses you.
You hit the bat.
You kill the bat!
No target in view!
No target in view!
No target in view!
No target in view!
No target in view!
No target in view!
No target in view!
No target in view!
No target in view!
No target in view!
No target in view!
You see here a +0 short sword of speed.
e - 2 bubbling ruby potions You see here a +0 whip.
You open the door.
A hobgoblin comes into view.
The hobgoblin shouts!
A hobgoblin is nearby!
A hobgoblin is nearby!
There is an open door here.
You reach to attack!
You hit the hobgoblin but do no damage. You closely miss the hobgoblin.
The hobgoblin hits you but does no damage.
You hit the hobgoblin.
The hobgoblin is heavily wounded.
The hobgoblin hits you but does no damage.
You hit the hobgoblin.
You kill the hobgoblin!
No target in view!
No target in view!
No target in view!
No target in view!
An endoplasm comes into view.
An endoplasm is nearby!
An endoplasm is nearby!
An endoplasm is nearby!
You reach to attack!
You hit the endoplasm.
The endoplasm is almost dead.
You hit the endoplasm.
You kill the endoplasm!
No target in view!
No target in view!
No target in view!
No target in view!
No target in view!
A rat comes into view.
A rat is nearby!
A rat is nearby!
You hit the rat but do no damage. The rat closely misses you.
You hit the rat.
The rat is severely wounded.
The rat bites you but does no damage.
You closely miss the rat.
The rat is severely wounded.
The rat bites you but does no damage.
You barely miss the rat.
The rat is severely wounded.
The rat barely misses you.
You closely miss the rat.
The rat is severely wounded.
The rat bites you but does no damage.
You barely miss the rat.
The rat is severely wounded.
The rat barely misses you.
You hit the rat.
You kill the rat!
No target in view!
No target in view!
You open the door.
There is an open door here.
You open the door.
Found a stone staircase leading down.
There is a stone staircase leading down here.
Things that are here:
a jackal skeleton; a jackal skeleton
f - 2 silvery potions A giant cockroach and a hobgoblin come into view.
Found a stone staircase leading down.
The hobgoblin shouts!
You reach to attack!
You barely miss the hobgoblin.
You reach to attack!
You hit the hobgoblin.
The hobgoblin is almost dead.
You hit the hobgoblin.
You kill the hobgoblin!
Your Polearms skill increases to level 5!
You hit the giant cockroach but do no damage.
The giant cockroach bites you but does no damage.
You hit the giant cockroach but do no damage.
The giant cockroach bites you but does no damage.
You hit the giant cockroach.
The giant cockroach is moderately wounded.
The giant cockroach bites you but does no damage.
You hit the giant cockroach but do no damage.
The giant cockroach is moderately wounded.
The giant cockroach barely misses you.
You hit the giant cockroach.
You kill the giant cockroach!
No target in view!
No target in view!
No target in view!
No target in view!
No target in view!
There is a stone staircase leading down here.
There is a stone staircase leading down here.
g - a scroll labelled YGIMMEPIPT
h - a scroll labelled WAOXEBLUOSKE A goblin comes into view.
It is wielding a +0 dagger.
The goblin shouts!
A goblin is nearby!
You hit the goblin.
The goblin is severely wounded.
You hit the goblin.
You kill the goblin!
No target in view!
No target in view!
No target in view!
No target in view!
No target in view!
No target in view!
Things that are here:
a +0 dagger; a goblin corpse You now have 31 gold pieces (gained 17).
Things that are here:
a +0 dagger; a goblin corpse You open the door.
There is an open door here.
There is an open door here.
There is an open door here.
You open the door.
There is an open door here.
There is an open door here.
There is an open door here.
Done exploring.
Done exploring.
Done exploring.
Done exploring.
No target in view!
(D) Dungeon
Where to? (? - help)
There is an open door here.
There is a stone staircase leading down here.
You climb downwards.
The goblin shouts!
Found 3 gold pieces and a scroll labelled TOREUPN BACS.
Found a stone staircase leading down and a stone staircase leading up.
There is a stone staircase leading up here.
A goblin is nearby!
There is a stone staircase leading down here.
You closely miss the goblin. You barely miss the goblin.
The goblin hits you with a +0 dagger.
You completely miss the goblin. The goblin hits you but does no damage.
You closely miss the goblin. The goblin hits you with a +0 dagger.
You puncture the goblin!
You kill the goblin!
Training target 4.0 for Dodging reached!
Your Dodging skill increases to level 4!
No target in view!
No target in view!
No target in view!
No target in view!
HP restored.
Found 3 stones.
You now have 34 gold pieces (gained 3).
i - a scroll labelled TOREUPN BACS A hobgoblin comes into view.
A hobgoblin is nearby!
A kobold comes into view. It is wielding a +0 whip.
The kobold shouts!
The hobgoblin shouts!
A bat comes into view.
A ball python comes into view.
You completely miss the hobgoblin. The hobgoblin hits you. The bat misses you.
You hit the hobgoblin but do no damage. The bat hits you but does no damage.
The bat hits you. The bat attacks as you move away!
The bat hits you but does no damage. The hobgoblin attacks as you move away!
The hobgoblin misses you. The bat completely misses you.
The bat barely misses you.
The kobold throws a stone.
The stone closely misses you. The bat attacks as you move away!
The bat hits you. The bat hits you but does no damage.
The bat closely misses you. The bat attacks as you move away!
The bat closely misses you. The bat completely misses you.
The hobgoblin attacks as you move away! The hobgoblin misses you.
The bat hits you but does no damage. The hobgoblin attacks as you move away!
The hobgoblin barely misses you. The hobgoblin attacks as you move away!
The hobgoblin misses you. The bat hits you.
You barely miss the bat. The bat hits you but does no damage.
You barely miss the hobgoblin. The hobgoblin closely misses you.
You barely miss the hobgoblin. The hobgoblin hits you.
You hit the hobgoblin.
The hobgoblin is heavily wounded.
The hobgoblin hits you but does no damage.
You hit the hobgoblin but do no damage.
The hobgoblin is heavily wounded.
The hobgoblin hits you but does no damage.
You completely miss the hobgoblin.
The hobgoblin is heavily wounded.
The hobgoblin misses you.
You hit the hobgoblin but do no damage.
The hobgoblin is heavily wounded.
You hit the hobgoblin but do no damage.
The hobgoblin is heavily wounded.
The hobgoblin hits you.
You hit the hobgoblin but do no damage.
The hobgoblin is heavily wounded.
The hobgoblin hits you.
You hit the hobgoblin.
You kill the hobgoblin!
The bat hits you but does no damage.
You barely miss the bat. The bat barely misses you.
You hit the bat.
The bat is moderately wounded.
The bat hits you.
You puncture the bat!
You kill the bat!
You barely miss the ball python. The ball python barely misses you.
The ball python grabs you. The ball python constricts you.
You completely miss the ball python. The ball python bites you.
The ball python constricts you.
You are too injured to fight recklessly!
You are too injured to fight recklessly!
You are too injured to fight recklessly!
You are too injured to fight recklessly!
You are too injured to fight recklessly!
You are too injured to fight recklessly!
You are too injured to fight recklessly!
You are too injured to fight recklessly!
You are too injured to fight recklessly!
You are too injured to fight recklessly!
You are too injured to fight recklessly!
You are too injured to fight recklessly!
You are too injured to fight recklessly!
You are too injured to fight recklessly!
You are too injured to fight recklessly!
You are too injured to fight recklessly!
You barely miss the ball python. The ball python misses you.
The ball python constricts you.
You hit the ball python.
You kill the ball python!
You barely miss the kobold. You hit the kobold.
The kobold is severely wounded.
The kobold closely misses you.
You closely miss the kobold.
The kobold is severely wounded.
The kobold hits you with a +0 whip.
You hit the kobold but do no damage.
The kobold is severely wounded.
The kobold hits you with a +0 whip.
* * * LOW HITPOINT WARNING * * *
You closely miss the kobold.
The kobold is severely wounded.
The kobold hits you with a +0 whip.
* * * LOW HITPOINT WARNING * * *
You hit the kobold but do no damage.
The kobold is severely wounded.
The kobold hits you with a +0 whip.
* * * LOW HITPOINT WARNING * * *
You barely miss the kobold.
The kobold is severely wounded.
The kobold hits you with a +0 whip.
You die...

#### # #.. # .# ###.#
.# ..####...###
#####..#
....#<.....###.K@...#
...............####.#
.(...........###
............<#
..........)>.#
.............#
................
.............###
...............


You could see a kobold.

Vanquished Creatures
  A dart slug (D:1)
  4 endoplasms (D:1)
  2 giant cockroaches (D:1)
  2 goblins
  5 hobgoblins
  3 jackals (D:1)
  2 quokkas (D:1)
  A ball python (D:2)
  6 bats
  2 frilled lizards (D:1)
  6 rats (D:1)
34 creatures vanquished.

Notes
Turn   | Place    | Note
-------+----------+-------------------------------------------
     0 | D:1      | sleeves the Merfolk Reaver began the quest for the Orb.
     0 | D:1      | Reached XP level 1. HP: 16/16 MP: 3/3
    38 | D:1      | HP: 7/16 [hobgoblin (4)]
    91 | D:1      | Reached skill level 3 in Dodging
   137 | D:1      | Found Hikadee Vawa's Weapon Emporium.
   145 | D:1      | Reached XP level 2. HP: 20/22 MP: 5/5
   552 | D:1      | Reached XP level 3. HP: 27/27 MP: 6/6
   821 | D:1      | Reached skill level 5 in Polearms
  1038 | D:2      | Reached skill level 4 in Dodging
  1094 | D:2      | HP: 11/27 [kobold/+0 whip (4)]
  1096 | D:2      | HP: 2/27 [kobold/+0 whip (5)]
  1097 | D:2      | Slain by a kobold

Illustrated notes

Levels and vault maps discovered:
D:1:      lemuel_arrival_hallway, layout_loops_corners, serial_shops,
          nicolae_shop_crystal, minivault_26
D:2:      layout_rooms, uniq_terence

Skill      XL: |  1  2  3 |
---------------+----------+-----
Dodging        | 3 4 |  4.0
Polearms       | 5 |  5.1
Fighting       | |  2.1
Spellcasting   | |  2.0
Conjurations   | |  2.4

Action                   || total
-------------------------++-------
Melee: Spear             ||   143
       Punch             ||     1
 Stab: Sleeping          ||     1
Armor: Leather armour    ||    33
Dodge: Dodged            ||    65

Table legend: (Time is in decaauts)
 A = Elapsed time spent in this place.
 B = Non-inter-level travel time spent in this place.
 C = Inter-level travel time spent in this place.
 D = Time resting spent in this place.
 E = Time spent auto-exploring this place.
 F = Levels seen in this place.
 G = Mean time per level.
                   A        B        C        D        E       F      G
               +--------+--------+--------+--------+--------+-----+--------+
         Total |   1077 |   1052 |     25 |      0 |    827 |   2 |  538.5 |
       Dungeon |   1077 |   1052 |     25 |      0 |    827 |   2 |  538.5 |
               +--------+--------+--------+--------+--------+-----+--------+

Top non-repeatable levels by time:
     D:1: 1016 daAuts
     D:2: 61 daAuts
